 Dungeon Crawl Stone Soup version 0.29-a0-582-ge82337ba6a (webtiles) character file.

Game seed: 14398496889234845835

839 tilp the Scholar of Death (level 7, -1/53 HPs)
             Began as a Mummy Necromancer on June 14, 2022.
             Was a Follower of Kikubaaqudgha.
             Slain by a wight
             ... wielding a +5 dire flail
              (12 damage)
             ... on level 6 of the Dungeon.
             The game lasted 00:06:10 (5164 turns).

tilp the Scholar of Death (Mummy Necromancer)       Turns: 5164, Time: 00:06:11

Health: -1/53      AC:  8    Str: 12    XL:     7   Next: 67%
Magic:  12/13      EV: 12    Int: 16    God:    Kikubaaqudgha [*.....]
Gold:   154        SH:  0    Dex: 12    Spells: 6/14 levels left

rFire   . . .      SeeInvis .   a - +6 mace of Peuwapoc {vamp, rC++}
rCold   + + +      Faith    .   (no shield)
rNeg    + + +      Spirit   .   c - +0 robe
rPois   ∞          Reflect  .   k - +1 helmet
rElec   .          Harm     .   (no cloak)
rCorr   .          Rampage  .   (no gloves)
Will    .....                   (no boots)
Stlth   ++........              (no amulet)
HPRegen 0.17/turn               g - +4 ring of protection
MPRegen 0.13/turn               d - ring of protection from fire

@: no status effects
A: cold resistance 1, negative energy resistance 3, torment resistance 2, heat
vulnerability 1, in touch with death 1, no potions
a: Renounce Religion, Unearth Wretches


You were on level 6 of the Dungeon.
You worshipped Kikubaaqudgha.
Kikubaaqudgha was aware of your devotion.
You visited 2 branches of the dungeon, and saw 7 of its levels.

You collected 154 gold pieces.

Inventory:

Hand Weapons
 a - the +6 mace of Peuwapoc (weapon) {vamp, rC++}
   (You found it on level 2 of the Dungeon)

   It occasionally heals its wielder for a portion of the damage dealt when it
   wounds a living foe.
   rC:        It greatly protects you from cold.
 b - the +9 spear of Balance {vorpal, Int+3 Dex+2}
   (You found it on level 4 of the Dungeon)

   It inflicts extra damage upon your enemies.
   Int:       It affects your intelligence (+3).
   Dex:       It affects your dexterity (+2).
 h - a +1 dagger of speed
Missiles
 i - 157 stones
 j - a boomerang (quivered)
Armour
 c - a +0 robe (worn)
 k - a +1 helmet (worn)
Jewellery
 d - a ring of protection from fire (right hand)
 e - a ring of magical power
 f - a +6 ring of intelligence
 g - a +4 ring of protection (left hand)
Scrolls
 l - a scroll of poison
 m - 2 scrolls of vulnerability
 n - a scroll of enchant armour {unknown}
 o - a scroll of summoning {unknown}
 p - a scroll of fear


   Skills:
 * Level 3.9 Fighting
 - Level 3.0 Dodging
 + Level 2.9 Stealth
 + Level 4.0 Spellcasting
 * Level 7.0 Necromancy


You had 6 spell levels left.
You knew the following spells:

 Your Spells              Type           Power      Damage    Failure   Level
a - Necrotize             Necr           100%       1d9       1%          1
b - Vampiric Draining     Necr           38%        2d8       2%          3
c - Animate Dead          Necr           38%        N/A       9%          4

Your spell library contained the following spells:

 Spells                   Type           Power      Damage    Failure   Level
 Magic Dart               Conj           12%        1d3       17%         1
 Searing Ray              Conj           6%         2d4       26%         2
 Agony                    Necr           38%        N/A       26%         5
 Anguish                  Hex/Necr       10%        N/A       36%         4
 Ozocubu's Armour         Ice            3%         N/A       45%         3
 Fulminant Prism          Conj/Hex       1%         3d6       86%         4
 Ozocubu's Refrigeration  Ice            1%         4d5       100%        7


Dungeon Overview and Level Annotations

Branches:
Dungeon (6/15)             Temple (1/1) D:4

Altars:
Dithmenos
Elyvilon
Fedhas
Hepliaklqana
Kikubaaqudgha
Nemelex Xobeh
Qazlal
Ru
Trog
Uskayaw
Vehumet
Wu Jian
Xom
Yredelemnul
Zin
The Shining One

Annotations:
D:2 1 runed translucent door, Crazy Yiuf


Innate Abilities, Weirdness & Mutations

You are immune to poison.
Your flesh is cold resistant. (rC+)
You are immune to negative energy. (rN+++)
You are immune to unholy pain and torment.
You are vulnerable to heat. (rF-)
You are in touch with the powers of death.
You do not drink.


Message History

Kikubaaqudgha accepts your kill. The wight hits you but does no damage.
The wight misses you.
The wight hits you with a +0 dire flail.
Your Necromancy skill increases to level 7!
Unknown command.
You closely miss the wight. Your punch misses the wight.
The wight hits you from afar with a +4 trident.
The wight hits you with a +0 dire flail.
You sock the wight!
The wight is heavily damaged.
The wight barely misses you.
The wight hits you with a +0 dire flail!
You hit the wight.
The wight is almost destroyed.
The wight closely misses you. x4
You sock the wight!
You destroy the wight!
Kikubaaqudgha accepts your kill.
You can now bring forth the wretched and dying.
Kikubaaqudgha grants you a gift!
You add the spell Anguish to your library.
The wight zaps a wand.
The mass of ice explodes!
The iceblast engulfs you! You partially resist.
* * * LOW HITPOINT WARNING * * *
Something shouts, "Capitulate, thou pribbling nose-picking slabber!"
Your Spellcasting skill increases to level 4!
You hit the wight but do no damage. The wight barely misses you.
The wight hits you with a +5 dire flail.
* * * LOW HITPOINT WARNING * * *
The wight closely misses you. The wight barely misses you.
Unknown command.
Unknown command.
Unknown command.
The wight attacks as you move away!
The wight hits you with a +5 dire flail.
* * * LOW HITPOINT WARNING * * *
The wight attacks as you move away!
The wight hits you with a +5 dire flail!
You die...
Kikubaaqudgha rasps: "You have failed me!
Welcome... oblivion!"

###... .. #. !.#..
..#
##.#####.#.#)...
............!...
...............
... #)# ##.##z#
#...#z# #..†@.#
#####.#.#####
............#
......#...#.#
......#...#.######
..... #.....)....#
..... #).........#
........###......#
......### #......#


You could see 2 wights.

Vanquished Creatures
  2 black bears (D:5)
  An ogre (D:5)
  2 wights (D:6)
  An orc priest (D:3)
  2 hounds
  Jessica (D:2)
  4 iguanas
  Ijyb (D:3)
  2 orc wizards (D:5)
  Robin (D:2)
  6 adders
  A white imp (D:5)
  A worm (D:5)
  A dart slug (D:5)
  8 orcs
  3 bats
  7 endoplasms
  3 giant cockroaches
  15 goblins
  11 hobgoblins
  6 jackals
  6 kobolds
  A quokka (D:5)
  10 ball pythons
  2 frilled lizards (D:2)
  4 rats
102 creatures vanquished.

Notes
Turn   | Place    | Note
-------+----------+-------------------------------------------
     0 | D:1      | tilp the Mummy Necromancer began the quest for the Orb.
     0 | D:1      | Reached XP level 1. HP: 13/13 MP: 4/4
   381 | D:1      | Reached XP level 2. HP: 19/20 MP: 2/5
   781 | D:1      | Reached skill level 1 in Fighting
  1232 | D:2      | Found a runed translucent door.
  1234 | D:2      | Identified the +6 mace of Peuwapoc {vamp, rC++}
  1240 | D:2      | Noticed Crazy Yiuf
  1294 | D:2      | Noticed Robin
  1308 | D:1      | Gained mutation: You are in touch with the powers of death.
                  | [Mummy growth]
  1308 | D:1      | Reached XP level 3. HP: 17/26 MP: 7/7
  1320 | D:1      | Learned a level 3 spell: Vampiric Draining
  1691 | D:2      | Killed Robin
  1924 | D:2      | Reached XP level 4. HP: 33/33 MP: 8/8
  2039 | D:2      | Noticed Jessica
  2044 | D:2      | Killed Jessica
  2045 | D:2      | Reached skill level 5 in Necromancy
  2194 | D:3      | Found a sacrificial altar of Ru.
  2314 | D:3      | Reached XP level 5. HP: 31/38 MP: 9/9
  2439 | D:3      | Noticed Ijyb
  2463 | D:3      | Killed Ijyb
  2842 | D:3      | Learned a level 4 spell: Animate Dead
  2887 | D:3      | Found a blossoming altar of Fedhas.
  3142 | D:4      | Reached skill level 6 in Necromancy
  3204 | D:4      | Found a shimmering altar of Xom.
  3204 | D:4      | Found a shimmering altar of Xom.
  3204 | D:4      | Found a shimmering altar of Xom.
  3207 | D:4      | Found a shimmering altar of Xom.
  3207 | D:4      | Found a shimmering altar of Xom.
  3210 | D:4      | Found a shimmering altar of Xom.
  3210 | D:4      | Found a shimmering altar of Xom.
  3211 | D:4      | Found a shimmering altar of Xom.
  3211 | D:4      | Found a shimmering altar of Xom.
  3213 | D:4      | Found a shimmering altar of Xom.
  3213 | D:4      | Found a shimmering altar of Xom.
  3249 | D:4      | Identified the +9 spear of Balance {vorpal, Int+3 Dex+2}
  3254 | D:4      | Found a staircase to the Ecumenical Temple.
  3271 | Temple   | Entered the Ecumenical Temple
  3489 | Temple   | Became a worshipper of Kikubaaqudgha
  3948 | D:5      | Entered Level 5 of the Dungeon
  3948 | D:5      | Noticed a black bear
  3954 | D:5      | Killed a black bear
  3955 | D:5      | Reached XP level 6. HP: 46/46 MP: 2/10
  4209 | D:5      | Reached XP level 7. HP: 34/52 MP: 12/12
  5157 | D:6      | Reached skill level 7 in Necromancy
  5160 | D:6      | Reached * piety under Kikubaaqudgha
  5160 | D:6      | Received a gift from Kikubaaqudgha
  5164 | D:6      | Slain by a wight

Illustrated notes

Levels and vault maps discovered:
D:1:      lightli_arrival_flooded_house, layout_loops_ring
D:2:      layout_rooms, glass_columns_c, uniq_crazy_yiuf_cottage, uniq_jessica,
          uniq_robin
D:3:      layout_loops_ring, fedhas_altar_fruit_tree, old_standard_altar,
          uniq_ijyb
D:4:      layout_loops_ring, xom_redecorated, minmay_temple_entry_butterflies,
          minmay_checkerbox
D:5:      layout_gridville
D:6:      layout_basic, makhleb_blood_cavern_becter
Temple:   nicolae_temple_figure_eight

Skill      XL: |  1  2  3  4  5  6  7 |
---------------+----------------------+-----
Fighting       | 1 2 3 |  3.9
Spellcasting   | 3 4 |  4.0
Stealth        | 2 |  2.9
Dodging        | 2 3 |  3.0
Necromancy     | 5 6 7 |  7.0

Action                   |  1- 3 |  4- 6 |  7- 9 || total
-------------------------+-------+-------+-------++-------
Melee: Dagger            |     6 |       |       ||     6
       Punch             |     2 |     2 |     1 ||     5
       Unarmed           |     1 |       |       ||     1
       Mace              |    48 |   124 |    53 ||   225
 Cast: Necrotize         |    39 |     1 |     1 ||    41
       Vampiric Draining |     2 |     4 |     3 ||     9
  Use: Scroll            |     1 |     2 |     1 ||     4
 Stab: Sleeping          |     1 |     6 |     1 ||     8
       Distracted        |       |     1 |       ||     1
Armor: Robe              |    17 |    63 |    32 ||   112
Dodge: Dodged            |    71 |    90 |    55 ||   216

Table legend: (Time is in decaauts)
 A = Elapsed time spent in this place.
 B = Non-inter-level travel time spent in this place.
 C = Inter-level travel time spent in this place.
 D = Time resting spent in this place.
 E = Time spent auto-exploring this place.
 F = Levels seen in this place.
 G = Mean time per level.
                   A        B        C        D        E       F      G
               +--------+--------+--------+--------+--------+-----+--------+
         Total |   5254 |   4997 |    257 |    295 |   3889 |   7 |  750.6 |
       Dungeon |   5017 |   4797 |    220 |    295 |   3694 |   6 |  836.2 |
        Temple |    237 |    200 |     37 |      0 |    195 |   1 |  237.0 |
               +--------+--------+--------+--------+--------+-----+--------+

Top non-repeatable levels by time:
     D:1: 1578 daAuts
     D:5: 1196 daAuts
     D:3: 952 daAuts
     D:2: 624 daAuts
     D:4: 615 daAuts
  Temple: 237 daAuts
     D:6: 49 daAuts
